 Dungeon Crawl Stone Soup version 0.24.0-13-gcf9b319 (webtiles) character file.

Game seed: 5383559411508585245, levelgen mode: deterministic

140 CBukowski the Poker (level 5, 0/39 HPs)
             Began as a Merfolk Skald on Nov 11, 2019.
             Slain by an iguana (11 damage)
             ... on level 3 of the Dungeon.
             The game lasted 00:19:20 (4447 turns).

CBukowski the Poker (Merfolk Skald)                 Turns: 4447, Time: 00:19:21

Health: 0/39       AC:  4    Str: 13    XL:     5   Next: 22%
Magic:  3/8        EV: 13    Int: 17    God:
Gold:   164        SH:  0    Dex: 13    Spells: 0/8 levels left

rFire    + + .     SeeInvis .   a - +0 spear
rCold    + . .     Gourm    .   (no shield)
rNeg     . . .     Faith    .   b - +0 leather armour
rPois    .         Spirit   .   f - +0 helmet {Int+3}
rElec    .         Reflect  .   o - scarf {rC+ rF+}
rCorr    .         Harm     .   (no gloves)
MR       .....                  (no boots)
Stlth    ++........             (no amulet)
HPRegen  0.13/turn              c - +2 ring of strength
MPRegen  0.11/turn              h - ring of protection from fire

@: shrouded
A: change form in water, swift swim, stealthy swim
a: no special abilities


You were on level 3 of the Dungeon.
You were not hungry.

You visited 1 branch of the dungeon, and saw 4 of its levels.
You also visited: Sewer.

You collected 164 gold pieces.

Inventory:

Hand Weapons
 a - a +0 spear (weapon)
Missiles
 v - 4 boomerangs (quivered)
 x - 2 datura-tipped darts
 z - 22 poisoned darts
Armour
 b - a +0 leather armour (worn)
 e - +0 gold dragon scales
 f - a +0 helmet of intelligence (worn)
 o - a scarf of resistance (worn)
 y - a scarf of spirit shield
Jewellery
 c - a +2 ring of strength (left hand)
 h - a ring of protection from fire (right hand)
 n - an uncursed ring of fire
Scrolls
 i - a scroll of enchant armour {unknown}
 k - 2 scrolls of random uselessness {unknown}
 l - 4 scrolls of teleportation {unknown}
 p - 2 scrolls of fear {unknown}
 q - a scroll of blinking {unknown}
 A - a scroll of enchant weapon {unknown}
Potions
 j - 2 potions of lignification {unknown}
 m - 3 potions of agility {unknown}
 r - 3 potions of flight {unknown}
 s - a potion of degeneration {unknown}
 t - a potion of invisibility {unknown}
 w - 2 potions of mutation {unknown}
Comestibles
 d - 3 rations


   Skills:
 + Level 2.7 Fighting
 + Level 4.3 Polearms
 + Level 1.7 Armour
 + Level 3.3 Dodging
 + Level 1.8 Stealth
 + Level 2.2 Spellcasting
 * Level 3.9 Charms


You couldn't memorise any spells.
You knew the following spells:

 Your Spells              Type           Power        Failure   Level  Hunger
a - Infusion              Chrm           ###.         4%          1    #......
b - Song of Slaying       Chrm           ###.....     8%          2    ###....
c - Shroud of Golubria    Chrm/Tloc      #.....       16%         2    ###....
d - Spectral Weapon       Hex/Chrm       #.......     32%         3    ###....

Your spell library contained the following spells:

 Spells                   Type           Power        Failure   Level  Hunger
 Regeneration             Chrm/Necr      #.........   32%         3    ###....


Dungeon Overview and Level Annotations

Branches:
Dungeon (4/15)              Sewer (visited)
 Temple: D:4-7

Altars:
Elyvilon

Shops:
D:4 [


Message History

You climb upwards.
There is a stone staircase leading down, spattered with blood here.
The iguana barely misses you.
The iguana hisses menacingly.
Your magical contamination has completely faded away.
Casting: Shroud of Golubria (safe; 16% risk of failure)
Confirm with . or Enter, or press ? or * to list all spells.
Space distorts slightly along a thin shroud covering your body.
The iguana misses you.
Casting: Shroud of Golubria (safe; 16% risk of failure)
Confirm with . or Enter, or press ? or * to list all spells.
You draw out your weapon's spirit!
The iguana completely misses you.
Unknown command.
You hit the iguana.
The iguana is heavily wounded.
Your spectral weapon hits the iguana but does no damage.
You barely miss the iguana.
The iguana is heavily wounded.
Your spectral weapon hits the iguana.
The iguana bites you!
You die...

######### #.......#
#....################
#....#...............
#....#..#...#...#...#
#....#_........).....
#....#..#...#...#...#
#....#...............
#...@################
#....l..# #........
#....(..## #........
#######..# #........
############# ##.##
#...>....
[...........## #..#
#........
###########..## ##.#
#........ ## ##<.###
#.# #........ .###
##...#####.###........


You could see an iguana and a friendly spectral +0 spear.

Vanquished Creatures
  2 adders
  6 oozes
  4 worms
  3 dart slugs
  2 leopard geckos
  3 orcs (D:3)
  6 giant cockroaches
  7 goblins
  3 hobgoblins
  8 jackals
  5 kobolds
  A ball python (Sewer)
  14 bats
  4 frilled lizards
  6 rats
74 creatures vanquished.

Notes
Turn   | Place    | Note
-------+----------+-------------------------------------------
     0 | D:1      | CBukowski the Merfolk Skald began the quest for the Orb.
     0 | D:1      | Reached XP level 1. HP: 16/16 MP: 3/3
   271 | D:1      | Reached XP level 2. HP: 21/22 MP: 5/5
   862 | D:2      | Reached XP level 3. HP: 28/28 MP: 6/6
   868 | D:2      | Learned a level 2 spell: Song of Slaying
   871 | D:2      | Learned a level 2 spell: Shroud of Golubria
  1919 | D:3      | Found a glowing drain.
  1942 | D:3      | Reached skill level 1 in Armour
  1951 | Sewer    | Entered a sewer
  1971 | Sewer    | Reached skill level 1 in Stealth
  1971 | Sewer    | HP: 1/28 [bat (1)]
  2189 | Sewer    | Reached XP level 4. HP: 34/34 MP: 7/7
  2769 | Sewer    | Reached skill level 4 in Polearms
  3435 | D:3      | Reached XP level 5. HP: 35/39 MP: 4/8
  4034 | D:3      | Learned a level 3 spell: Spectral Weapon
  4340 | D:3      | Found a white marble altar of Elyvilon.
  4392 | D:4      | Found Ukebbar's Armour Shop.
  4447 | D:3      | Slain by an iguana

Levels and vault maps discovered:
D:1:      mrwooster_arrival_statue, layout_loops_ring
D:2:      layout_basic, first_ration
D:3:      layout_rooms, lemuel_coloured_pillars_altar,
          cheibrodos_sewer_entry_bend, minmay_misc_feat_nine_boxes
D:4:      corexii_shantytown, layout_basic, kennysheep_mini,
          minmay_temple_entry_gardened_gates, serial_shops, shop,
          nicolae_shop_behind_doors, shop, kennysheep_slug_shrine

Skill      XL: |  1  2  3  4 |
---------------+-------------+-----
Armour         | 1 |  1.7
Stealth        | 1 |  1.8
Polearms       | 4 |  4.3
Dodging        | 3 |  3.3
Fighting       | |  2.7
Spellcasting   | |  2.2
Charms         | |  3.9

Action                   |  1- 3 |  4- 6 || total
-------------------------+-------+-------++-------
Melee: Spear             |   119 |   199 ||   318
       Tailslap          |     1 |     7 ||     8
 Cast: Infusion          |     9 |       ||     9
       Shroud of Golubri |     2 |     9 ||    11
       Song of Slaying   |       |     1 ||     1
       Spectral Weapon   |       |     1 ||     1
  Use: Scroll            |     1 |     3 ||     4
       Potion            |     1 |     1 ||     2
 Stab: Sleeping          |     2 |     3 ||     5
  Eat: Ration            |     1 |     1 ||     2
       Chunk             |     1 |     4 ||     5
Armor: Leather armour    |    36 |    47 ||    83
Dodge: Dodged            |    87 |   140 ||   227
